 Dungeon Crawl Stone Soup version 0.31.0-11-ge490571c62 (webtiles) character file.

Game seed: 15759644147254117171

24 Arcadio the Ducker (level 3, 0/28 HPs)
             Began as a Merfolk Gladiator on Jan 30, 2024.
             Was a Follower of Kikubaaqudgha.
             Succumbed to an adder's poison
             ... on level 2 of the Dungeon.
             The game lasted 00:01:51 (952 turns).

Arcadio the Ducker (Merfolk Gladiator)               Turns: 952, Time: 00:01:51

Health: 0/28       AC:  4    Str: 16    XL:     3   Next: 2%
Magic:  3/3        EV: 13    Int:  7    God:    Kikubaaqudgha [*.....]
Gold:   47         SH:  0    Dex: 15    Spells: 1/2 levels left

rFire   . . .        a - +0 trident
rCold   . . .        (no shield)
rNeg    . . .        b - +0 leather armour
rPois   .            c - +0 helmet
rElec   .            (no cloak)
rCorr   .            (no gloves)
SInv    .            (no boots)
Will    .....        (no amulet)
Stlth   +            (no ring)
HPRegen 0.24/turn    (no ring)
MPRegen 0.08/turn

%: no passive effects
@: lethally poisoned (0 -> -3)
A: (nimble swimmer 2), mertail
a: Renounce Religion, Unearth Wretches


You were on level 2 of the Dungeon.
You worshipped Kikubaaqudgha.
Kikubaaqudgha was aware of your devotion.
You visited 1 branch of the dungeon, and saw 2 of its levels.

You collected 47 gold pieces.

Inventory:

Hand Weapons
 a - a +0 trident (weapon)
Missiles
 d - 3 throwing nets (quivered)
 e - a javelin
Armour
 b - a +0 leather armour (worn)
 c - a +0 helmet (worn)
Scrolls
 f - a scroll of immolation {unknown}
 i - a scroll of fog {unknown}
 k - a scroll of noise {unknown}
 m - a scroll of enchant armour {unknown}
 n - 2 scrolls of blinking {unknown}
 o - a scroll of teleportation {unknown}
Potions
 g - a potion of might {unknown}
 h - a potion of mutation {unknown}
 j - a potion of magic {unknown}
 l - a potion of lignification {unknown}


   Skills:
 + Level 2.8 Fighting
 + Level 4.5 Polearms
 - Level 2.0 Throwing
 + Level 4.5 Dodging


You had one spell level left.
You knew the following spells:

 Your Spells              Type           Power      Damage    Failure   Level
a - Kiss of Death         Conj/Necr      0%         2d5       50%         1

Your spell library contained the following spells:

 Spells                   Type           Power      Damage    Failure   Level
 Sublimation of Blood     Necr           0%         N/A       65%         2
 Fugue of the Fallen      Necr           0%         N/A       86%         3
 Vampiric Draining        Necr           0%         2d6       86%         3


Dungeon Overview and Level Annotations

Branches:
Dungeon (2/15)

Altars:
Kikubaaqudgha

Shops:
D:1 (

Annotations:
D:2 1 runed translucent door, Crazy Yiuf


Innate Abilities, Weirdness & Mutations

((You are very nimble when in or above water. (Stealth+, EV+, Speed+++)))
Your lower body shifts to a powerful aquatic tail in water.


Message History

The adder is lightly wounded.
The adder bites you.
You are poisoned.
The adder poisons you!
You hit the adder.
The adder is moderately wounded.
You feel sick. The adder bites you. The adder closely misses you.
You hit the adder but do no damage.
The adder is moderately wounded.
You feel sick. The adder closely misses you.
You miss the adder.
The adder is moderately wounded.
You feel sick. The adder barely misses you.
You completely miss the adder.
The adder is moderately wounded.
You feel sick. The adder bites you.
You are more poisoned.
The adder poisons you! The adder bites you but does no damage.
You closely miss the adder.
The adder is moderately wounded.
You feel sick. The adder completely misses you.
You hit the adder.
The adder is severely wounded.
You feel sick. The adder barely misses you. x2
You closely miss the adder.
The adder is severely wounded.
You feel sick. The adder closely misses you.
You miss the adder.
The adder is severely wounded.
You feel sick. The adder barely misses you. The adder bites you.
* * * LOW HITPOINT WARNING * * *
You barely miss the adder.
The adder is severely wounded.
You feel sick. The adder bites you.
* * * LOW HITPOINT WARNING * * *
You hit the adder.
You kill the adder!
Kikubaaqudgha accepts your kill.
You die...
Kikubaaqudgha rasps: "You have failed me!
Welcome... death!"

.#..##..###.#.... .##
..####......##.#...#
...# ...#####...........
#...!#.## #.........#)
... ...# ##........<.. .
#.....###.....<....#.
..##..#...#...........#.
#.....................##
#....##@...#..........#
......................#
..#####...............##
#.........###......
#####..................
.............####.......
?#...####......#........
.....####........#......
.###..........#.........


There were no monsters in sight!

Vanquished Creatures
  An adder (D:2)
  A ribbon worm (D:2)
  4 bats (D:1)
  An endoplasm (D:1)
  2 goblins (D:1)
  A hobgoblin (D:1)
  3 jackals (D:1)
  A quokka (D:2)
  4 ball pythons
  A frilled lizard (D:1)
  3 kobolds
  A rat (D:1)
23 creatures vanquished.

Notes
Turn   | Place    | Note
-------+----------+-------------------------------------------
     0 | D:1      | Arcadio the Merfolk Gladiator began the quest for the Orb.
     0 | D:1      | Reached XP level 1. HP: 16/16 MP: 1/1
   112 | D:1      | Found a faded altar of an unknown god.
   120 | D:1      | Prayed at the altar of an unknown god.
   120 | D:1      | Became a worshipper of Kikubaaqudgha
   120 | D:1      | Reached * piety under Kikubaaqudgha
   120 | D:1      | Received a gift from Kikubaaqudgha
   134 | D:1      | Reached XP level 2. HP: 21/23 MP: 2/2
   238 | D:1      | Found Lekulaakhi's Antique Weapon Shop.
   845 | D:2      | Found a runed translucent door.
   845 | D:2      | Identified the +7 hammer "Leono" {antimagic, +Blink Str-5
                  | Int-4 Dex+4}
   846 | D:2      | Noticed Crazy Yiuf
   885 | D:2      | Learned a level 1 spell: Kiss of Death
   921 | D:2      | Reached XP level 3. HP: 28/28 MP: 3/3
   951 | D:2      | HP: 1/28 [adder (3)]
   952 | D:2      | Succumbed to an adder's poison

Illustrated notes

Levels and vault maps discovered:
D:1:      psy_arrival_terrarium, layout_basic, serial_shops,
          nicolae_shop_advertising_works [nicolae_subvault_shop_adworks],
          basic_ecumenical_altar
D:2:      layout_rooms, ebering_dispersal_statue_hall, hex_tiny,
          uniq_crazy_yiuf_cottage

Action                     || total
---------------------------++-------
  Melee: Trident           ||    78
   Stab: Sleeping          ||     1
 Armour: Leather armour    ||    46
  Dodge: Dodged            ||    61
